 Dungeon Crawl Stone Soup version 0.28-a0-881-gae16bb6c82 (webtiles) character file.

Game seed: 17542778278149961779

503 BlueGoblin the Skirmisher (level 7, 0/76 HPs)
             Began as an Ogre Monk on Nov 21, 2021.
             Slain by a bullfrog skeleton (5 damage)
             ... on level 5 of the Dungeon.
             The game lasted 00:07:57 (4672 turns).

BlueGoblin the Skirmisher (Ogre Monk)               Turns: 4672, Time: 00:07:58

Health: 0/76       AC:  4    Str: 16    XL:     7   Next: 17%
Magic:  7/7        EV: 11    Int: 13    God:
Gold:   309        SH:  0    Dex: 11    Spells: 6/6 levels left

rFire   + . .      SeeInvis .   a - +0 hand axe
rCold   . . .      Faith    .   (no shield)
rNeg    . . .      Spirit   .   b - +0 robe
rPois   .          Reflect  .   (helmet restricted)
rElec   .          Harm     .   j - +0 cloak
rCorr   .          Rampage  .   (gloves unavailable)
Will    .....                   (boots unavailable)
Stlth   +.........              g - amulet of regeneration
HPRegen 1.22/turn               n - ring of protection from fire
MPRegen 0.10/turn               (no ring)

@: confused
A: large, unfitting armour, tough skin 1
a: no special abilities


You were on level 5 of the Dungeon.
You visited 1 branch of the dungeon, and saw 8 of its levels.

You collected 309 gold pieces.

Inventory:

Hand Weapons
 a - a +0 hand axe (weapon)
Armour
 b - a +0 robe (worn)
 j - a +0 cloak (worn)
Jewellery
 d - an amulet of faith
 g - an amulet of regeneration (around neck)
 n - a ring of protection from fire (left hand)
Wands
 p - a wand of iceblast (7)
Scrolls
 c - 4 scrolls of identify
Potions
 f - 2 potions of flight {unknown}
 h - a potion of degeneration {unknown}
 i - 2 potions of brilliance {unknown}
 k - a potion of berserk rage {unknown}
 l - a potion of haste {unknown}


   Skills:
 + Level 6.3 Fighting
 + Level 5.9 Axes
 + Level 4.2 Dodging
 - Level 1.4 Stealth


You had 6 spell levels left.
You didn't know any spells.
Your spell library was empty.

Dungeon Overview and Level Annotations

Branches:
Dungeon (8/15)               Lair (0/6) D:8
 Temple: D:4-7

Altars:
Cheibriados
Nemelex Xobeh
Okawaru
Xom
Zin
The Shining One

Shops:
D:4 ?(

Annotations:
D:7 Dowan, Duvessa, Maggie, Pikel


Innate Abilities, Weirdness & Mutations

You are too large for most types of armour.
You have tough skin. (AC +1)


Message History

The orc wizard hits you with a +0 dagger.
The orc warrior misses you.
There is a stone staircase leading up, spattered with blood here.
The orc warrior hits you from afar with a +0 trident!
* * * LOW HITPOINT WARNING * * *
The orc wizard closely misses you.
You climb upwards.
There is a stone staircase leading down here.
You hit the orc wizard.
The orc wizard is almost dead.
You hit the bullfrog skeleton.
The bullfrog skeleton hits you but does no damage.
The orc wizard gestures at you while chanting.
You are confused.
You barely miss the orc wizard.
The orc wizard is almost dead.
You closely miss the bullfrog skeleton. The bullfrog skeleton hits you.
* * * LOW HITPOINT WARNING * * *
The orc wizard points at you and mumbles some strange words.
The puff of flame hits you. You resist.
* * * LOW HITPOINT WARNING * * *
You're too confused to move!
The bullfrog skeleton hits you.
* * * LOW HITPOINT WARNING * * *
The orc wizard barely misses you.
Unknown command.
You closely miss the orc wizard.
The orc wizard is almost dead.
You closely miss the bullfrog skeleton. The bullfrog skeleton hits you.
* * * LOW HITPOINT WARNING * * *
The bullfrog skeleton hits you.
* * * LOW HITPOINT WARNING * * *
The orc wizard hits you with a +0 dagger.
* * * LOW HITPOINT WARNING * * *
Okay, then.
Welcome back, BlueGoblin the Ogre Monk.
Press ? for a list of commands and other information.
You hit the orc wizard but do no damage.
The orc wizard is almost dead.
You barely miss the bullfrog skeleton. The bullfrog skeleton hits you.
You die...

#.....<.......
##....##.##.##
# ##........
##.
#....##.....
.....$....##
##[.#
##.#####..# .#
#..####.# #..#
. #....Zo#
#... #@# #.###
#.# #.# #.. .#
####


You could see an orc wizard and a bullfrog skeleton.

Vanquished Creatures
  A black bear (D:8)
  A necrophage (D:4)
  A lemure (D:6)
  A bullfrog (D:7)
  A centaur zombie (D:7)
  A centaur skeleton (D:3)
  An orc priest (D:4)
  A jelly (D:7)
  An orc wizard (D:4)
  A howler monkey zombie (D:8)
  2 adders (D:2)
  3 dart slugs
  6 orcs
  7 bats
  5 endoplasms
  2 giant cockroaches (D:4)
  6 hobgoblins
  4 jackals (D:1)
  2 quokkas
  14 ball pythons
  A frilled lizard (D:3)
  8 goblins
  4 kobolds
  5 rats
79 creatures vanquished.

Notes
Turn   | Place    | Note
-------+----------+-------------------------------------------
     0 | D:1      | BlueGoblin the Ogre Monk began the quest for the Orb.
     0 | D:1      | Reached XP level 1. HP: 24/24 MP: 1/1
   143 | D:1      | Found a faded altar of an unknown god.
   248 | D:1      | Reached XP level 2. HP: 18/32 MP: 2/2
   990 | D:2      | Reached XP level 3. HP: 40/40 MP: 3/3
  1728 | D:2      | Reached XP level 4. HP: 44/49 MP: 4/4
  2007 | D:3      | Reached skill level 5 in Fighting
  2806 | D:4      | Found Joenyos's Weapon Boutique.
  2916 | D:4      | Reached XP level 5. HP: 41/57 MP: 5/5
  3100 | D:4      | Noticed a necrophage
  3118 | D:4      | Killed a necrophage
  3119 | D:4      | Reached skill level 5 in Axes
  3119 | D:4      | Reached XP level 6. HP: 49/67 MP: 6/6
  3535 | D:4      | Found a glowing silver altar of Zin.
  3536 | D:4      | Found a snail-covered altar of Cheibriados.
  3537 | D:4      | Found an iron altar of Okawaru.
  3539 | D:4      | Found a shimmering altar of Xom.
  3539 | D:4      | Found a sparkling altar of Nemelex Xobeh.
  3596 | D:4      | Found Noppegig's Magic Scroll Emporium.
  3726 | D:5      | Entered Level 5 of the Dungeon
  3733 | D:5      | You fall into a shaft and drop 3 floors!
  3768 | D:8      | Found a staircase to the Lair.
  3805 | D:8      | Noticed a black bear
  3817 | D:8      | Killed a black bear
  3818 | D:8      | Reached skill level 6 in Fighting
  4014 | D:8      | Found a glowing golden altar of the Shining One.
  4028 | D:8      | Noticed a two-headed ogre
  4074 | D:7      | Noticed Duvessa
  4074 | D:7      | Noticed Dowan
  4074 | D:7      | Noticed Maggie
  4414 | D:7      | Noticed Pikel
  4416 | D:7      | Noticed a steam dragon
  4452 | D:7      | Reached XP level 7. HP: 57/75 MP: 7/7
  4672 | D:5      | Slain by a bullfrog skeleton

Illustrated notes

Levels and vault maps discovered:
D:1:      dpeg_arrival_windows_large_door, layout_rooms,
          ebering_ecumenical_altar_sacrificial, minmay_liquid_box
D:2:      layout_basic, minivault_25
D:3:      layout_basic
D:4:      nicolae_cairo_tiling_very_big, layout_rooms,
          grunt_temple_overflow_open, serial_shops, shop_statue,
          nicolae_stop_n_shop_2
D:5:      layout_loops_ring, grunt_ministairs_9, minmay_fractal_squares_5
D:6:      layout_basic, nicolae_uskayaw_dance_hall, kennysheep_mini_moat,
          minmay_temple_entry_grid, sigmund_army
D:7:      layout_cave_pools, uniq_duvessa, uniq_maggie, uniq_pikel
D:8:      layout_loops_ring, mainiacjoe_overflow_alcove_1, lair_entry_dummy,
          kennysheep_windowed_goal

Skill      XL: |  1  2  3  4  5  6 |
---------------+-------------------+-----
Dodging        | 3 4 |  4.2
Axes           | 4 5 |  5.9
Fighting       | 5 6 |  6.3
Stealth        | |  1.4

Action                   |  1- 3 |  4- 6 |  7- 9 || total
-------------------------+-------+-------+-------++-------
Melee: Hand axe          |   124 |   166 |    46 ||   336
  Use: Scroll            |     3 |     1 |     1 ||     5
       Potion            |       |     1 |     4 ||     5
 Stab: Sleeping          |       |     3 |       ||     3
Armor: Robe              |    44 |    61 |     6 ||   111
Dodge: Dodged            |    69 |   104 |    24 ||   197

Table legend: (Time is in decaauts)
 A = Elapsed time spent in this place.
 B = Non-inter-level travel time spent in this place.
 C = Inter-level travel time spent in this place.
 D = Time resting spent in this place.
 E = Time spent auto-exploring this place.
 F = Levels seen in this place.
 G = Mean time per level.
                   A        B        C        D        E       F      G
               +--------+--------+--------+--------+--------+-----+--------+
         Total |   4698 |   4569 |    129 |    258 |   3387 |   8 |  587.2 |
       Dungeon |   4698 |   4569 |    129 |    258 |   3387 |   8 |  587.2 |
               +--------+--------+--------+--------+--------+-----+--------+

Top non-repeatable levels by time:
     D:3: 1000 daAuts
     D:1: 983 daAuts
     D:4: 923 daAuts
     D:2: 843 daAuts
     D:8: 637 daAuts
     D:6: 149 daAuts
     D:7: 148 daAuts
     D:5: 12 daAuts
